 Dungeon Crawl Stone Soup version 0.17-a0-737-gf0a300a (webtiles) character file.

408 Ngotmuk the Chopper (level 6, -1/57 HPs)
             Began as a Deep Dwarf Fighter on Apr 26, 2015.
             Slain by an orc
             ... wielding a +0 trident
              (4 damage)
             ... on level 4 of the Dungeon.
             The game lasted 00:05:10 (2310 turns).

Ngotmuk the Chopper (Deep Dwarf Fighter)            Turns: 2310, Time: 00:05:10

Health: -1/57      AC:  9    Str: 22    XL:     6   Next: 57%
Magic:  6/6        EV:  5    Int:  8    God:
Gold:   136        SH: 10    Dex: 12    Spells: 0 memorised, 5 levels left

rFire  . . .     SeeInvis .     a - +0 war axe
rCold  + . .     Clarity  .     s - +0 chain mail
rNeg   . . .     SustAb   .     c - +0 shield
rPois  .         Gourm    +     (no helmet)
rElec  .         Spirit   .     (no cloak)
rCorr  .         Warding  .     (no gloves)
rMut   .         Stasis   .     (no boots)
MR     .....                    g - amulet of the gourmand
Stlth  ..........               (no ring)
                                b - ring of protection from cold

@: non-regenerating, not resistant to hostile enchantments, extremely unstealthy
A: damage resistance, recharge devices, sense surroundings 1, slow healing 3
a: Device Recharging


You were on level 4 of the Dungeon.
You were not hungry.

You visited 1 branch of the dungeon, and saw 4 of its levels.

You collected 136 gold pieces.

Inventory:

Hand weapons
 a - a +0 war axe (weapon)
Armour
 c - a +0 shield (worn)
 s - a +0 chain mail (worn)
Jewellery
 b - a ring of protection from cold (left hand)
 g - an amulet of the gourmand (around neck)
Magical devices
 e - a wand of heal wounds (2)
 n - a wand of slowing (14)
Scrolls
 h - 2 scrolls of immolation {unknown}
 j - a scroll of enchant weapon {unknown}
 l - a scroll of recharging {unknown}
 o - a scroll of enchant armour {unknown}
 r - a scroll of identify {unknown}
 t - a scroll of remove curse {unknown}
 u - a scroll of blinking {unknown}
 v - a scroll of teleportation {unknown}
Potions
 d - a potion of might
 k - a potion of cure mutation {unknown}
 m - a potion of brilliance {unknown}
 p - a potion of degeneration {unknown}
 q - a potion of restore abilities {unknown}
Comestibles
 f - a bread ration
 i - 2 fruits


   Skills:
 + Level 3.7 Fighting
 * Level 5.0 Axes
 + Level 5.0 Armour
 + Level 4.6 Shields


You had 5 spell levels left.
You didn't know any spells.

Dungeon Overview and Level Annotations

Branches:
Dungeon (4/15)
 Temple: D:4-7

Altars:
Qazlal
Zin
The Shining One


Innate Abilities, Weirdness & Mutations

You are resistant to damage.
You can recharge devices by infusing magical energy.
You passively map a small area around you.
You do not heal naturally.


Message History

Something hits you but does no damage. The orc barely misses you.
Something hits you but does no damage.
You miss something. Something hits you. The orc closely misses you.
You closely miss something. Something hits you but does no damage.
You block the orc's attack.
You hit something but do no damage. Something hits you but does no damage.
You block the orc's attack. Something hits you but does no damage.
Your shield and chain mail prevent you from hitting something.
The orc barely misses you. Something hits you but does no damage.
Your chain mail prevents you from hitting something.
You block the orc's attack. Something hits you but does no damage.
You miss something. Something hits you but does no damage.
The orc hits you but does no damage. Something hits you but does no damage.
You miss something. The orc hits you but does no damage.
You hear some strange, mumbled words.
A puff of flame appears from out of thin air!
The puff of flame hits you!
* * * LOW HITPOINT WARNING * * *
The orc hits you from afar with a trident.
You die...

, * #.?, , , ,
.......## *
....... , , * *
, #.....# ,
..###.....#*.#
..........##.#
.......o.....#
.<......{)....#
.. #@..#* , ..
,#...# * ,
#.####.#.#
#.#.##.#.# *
#.#.##.# # ,
###.#.#.#....#.#
........<......#
#####.###.######
* #...


You could see an orc.

Vanquished Creatures
  An ice beast (D:3)
  A scorpion (D:3)
  Ijyb (D:2)
  An orc wizard (D:3)
  A giant frog skeleton (D:4)
  Natasha (twice) (D:3)
  4 adders
  An ooze (D:1)
  3 worms
  3 giant geckos
  9 orcs
  8 bats
  4 giant cockroaches
  9 goblins
  10 hobgoblins
  2 jackals (D:3)
  7 kobolds
  A quokka (D:2)
  2 ball pythons
  4 giant newts
  7 rats
81 creatures vanquished.

Notes
Turn   | Place    | Note
--------------------------------------------------------------
     0 | D:1      | Ngotmuk, the Deep Dwarf Fighter, began the quest for the Orb.
     0 | D:1      | Reached XP level 1. HP: 20/20 MP: 1/1
   104 | D:1      | Reached XP level 2. HP: 22/27 MP: 2/2
   680 | D:2      | Found a glowing silver altar of Zin.
   698 | D:2      | Reached XP level 3. HP: 22/33 MP: 3/3
   700 | D:2      | Noticed Ijyb
   717 | D:2      | Killed Ijyb
   732 | D:2      | Found a glowing golden altar of the Shining One.
   930 | D:2      | Reached XP level 4. HP: 18/42 MP: 4/4
  1033 | D:2      | Reached skill level 4 in Armour
  1064 | D:2      | Found a stormy altar of Qazlal.
  1534 | D:3      | Noticed an ice beast
  1559 | D:3      | HP: 1/42 [ice beast (11)]
  1561 | D:3      | Killed an ice beast
  1561 | D:3      | Reached XP level 5. HP: 1/49 MP: 5/5
  1616 | D:3      | Noticed Natasha
  1627 | D:3      | Killed Natasha
  1630 | D:3      | Noticed Natasha
  1637 | D:3      | Killed Natasha
  1706 | D:3      | Reached XP level 6. HP: 32/56 MP: 6/6
  2128 | D:3      | Reached skill level 5 in Axes
  2291 | D:4      | Reached skill level 5 in Armour
  2310 | D:4      | Slain by an orc

Action                   |  1- 3 |  4- 6 || total
-------------------------+-------+-------++-------
Melee: War axe           |   118 |   218 ||   336
Evoke: Wand              |       |     3 ||     3
  Eat: Bread ration      |       |     1 ||     1
       Beef jerky        |       |     1 ||     1
